[Event "Titled Tuesday Blitz July 25 Early 2023"]
[White "Rodriguez Fontecha, Marcos"]
[Black "Thiel, Thomas"]
[WhiteFideId "2256576"]
[BlackFideId "4615964"]
[WhiteElo "2493"]
[BlackElo "2273"]
[Result "0-1"]
[Round "7"]
[TimeControl "180+2"]
[Date "2023.07.25"]
[WhiteClock "0:00:00"]
[BlackClock "0:01:07"]
[Board "130"]

1. e4 d5 2. exd5 Nf6 3. d4 Nxd5 4. c4 Nb6 5. Nc3 e5 6. d5 Bb4 7. Bd2 Bf5 8. a3 Be7 9. Nf3 c6 10. Nxe5 cxd5 11. cxd5 O-O 12. Qf3 Bf6 13. Qxf5 Bxe5 14. Bd3 g6 15. Qf3 Bxc3 16. Bxc3 Qxd5 17. Qf6 Re8+ 18. Kd2 Nc4+ 19. Kc2 Ne5 20. Rad1 Nbd7 21. Qg5 Qc5 22. Qg3 Nxd3 23. Rxd3 Ne5 24. Rd2 Rac8 25. Kb1 Nc4 26. Rc2 Qf5 27. Rc1 Re2 28. f4 Rce8 29. Qf3 Rxc2 30. Qe3 Nxe3 31. Rxc2 Qxc2+ 0-1


[Site "https://www.chess.com"]

[Event "Titled Tuesday Blitz July 25 Early 2023"]
[White "Karamsetty, Jeevan"]
[Black "Smietanska, Wiktoria"]
[WhiteFideId "2025337"]
[BlackFideId "21869359"]
[WhiteElo "2491"]
[BlackElo "2249"]
[Result "1-0"]
[Round "7"]
[TimeControl "180+2"]
[Date "2023.07.25"]
[WhiteClock "0:02:33"]
[BlackClock "0:01:59"]
[Board "131"]

1. e4 c5 2. Nf3 d6 3. Bb5+ Nd7 4. O-O Nf6 5. Qe2 a6 6. Bxd7+ Bxd7 7. e5 dxe5 8. Nxe5 Be6 9. d3 g6 10. Nc3 Bg7 11. Bg5 O-O 12. Rae1 h6 13. Bh4 b5 14. Nxg6 Bg4 15. Nxe7+ Kh8 16. f3 Bf5 17. Nxf5 1-0


[Site "https://www.chess.com"]

[Event "Titled Tuesday Blitz July 25 Early 2023"]
[White "Timerkhanov, Alexander"]
[Black "Spaqi, Wilson"]
[WhiteFideId "24177938"]
[BlackFideId "2053888"]
[WhiteElo "2656"]
[BlackElo "2428"]
[Result "0-1"]
[Round "7"]
[TimeControl "180+2"]
[Date "2023.07.25"]
[WhiteClock "0:00:42"]
[BlackClock "0:00:15"]
[Board "132"]

1. d4 d5 2. c4 e6 3. Nc3 Be7 4. Nf3 Nf6 5. e3 c6 6. Qc2 Nbd7 7. b3 Bd6 8. Bb2 Qe7 9. Be2 O-O 10. O-O b6 11. e4 dxe4 12. Nxe4 Nxe4 13. Qxe4 Bb7 14. Bd3 f5 15. Qe2 Rae8 16. Rfe1 Bb4 17. Red1 Ba3 18. Re1 Bb4 19. Nd2 Qg5 20. Nf3 Qh5 21. Red1 c5 22. a3 Ba5 23. dxc5 Bxf3 24. Qxf3 Qxf3 25. gxf3 bxc5 26. Bc2 Nf6 27. b4 cxb4 28. axb4 Bxb4 29. Rxa7 Rf7 30. Rda1 Bc5 31. Ra8 Rxa8 32. Rxa8+ Rf8 33. Ra5 Rc8 34. Ra6 Kf7 35. Ba4 Rd8 36. Rc6 Bxf2+ 37. Kf1 Bd4 38. Rc7+ Kg6 39. Bxd4 Rxd4 40. Bb5 Rd2 41. c5 Nd5 42. Rc8 Rxh2 43. Bd7 Kf6 44. c6 Rc2 45. Rf8+ Ke5 46. Re8 Nf4 47. Ke1 Kd6 48. Rg8 g6 49. Rg7 h5 50. Rh7 Rxc6 51. Bxc6 Kxc6 52. Kf2 Kd5 53. Ke3 Ke5 54. Ra7 Nd5+ 55. Kf2 Kf6 56. Ra4 g5 57. Ra5 Nf4 58. Ra8 h4 59. Rf8+ Ke5 60. Rg8 Kf6 61. Rh8 Kg7 62. Ra8 Ng6 63. Ra6 Kf6 64. Ra5 g4 65. fxg4 fxg4 66. Ke3 e5 67. Ke4 Kg5 68. Ra3 h3 69. Ke3 Ne7 70. Kf2 Nf5 71. Ra5 Kf4 72. Ra4+ e4 73. Rb4 g3+ 74. Kg1 Nh4 75. Kh1 g2+ 76. Kh2 Nf3+ 77. Kxh3 g1=Q 78. Rxe4+ Kf5 79. Rf4+ Ke5 80. Rf5+ Ke4 81. Rf4+ Ke3 82. Re4+ Kd3 83. Rd4+ Qxd4 84. Kg3 Ne5 85. Kg2 Qg4+ 86. Kf1 Qe2+ 87. Kg1 Nf3+ 88. Kh1 Qh2# 0-1


[Site "https://www.chess.com"]

[Event "Titled Tuesday Blitz July 25 Early 2023"]
[White "Krzywda, Andrzej"]
[Black "Ganiev, Roman"]
[WhiteFideId "1114565"]
[BlackFideId "4131452"]
[WhiteElo "2424"]
[BlackElo "2599"]
[Result "1-0"]
[Round "7"]
[TimeControl "180+2"]
[Date "2023.07.25"]
[WhiteClock "0:00:59"]
[BlackClock "0:00:30"]
[Board "133"]

1. e4 c5 2. Nf3 d6 3. d4 cxd4 4. Nxd4 Nf6 5. Nc3 a6 6. Be3 e5 7. Nb3 Be6 8. h3 h5 9. f4 Qc7 10. f5 Bc4 11. Bxc4 Qxc4 12. Qf3 Nbd7 13. Nd2 Qc7 14. O-O Be7 15. Nd5 Nxd5 16. exd5 Nf6 17. c4 O-O 18. Rac1 b6 19. g4 hxg4 20. hxg4 e4 21. Qh3 Nd7 22. Kg2 f6 23. Rh1 Ne5 24. Nxe4 Qb7 25. Qh8+ Kf7 26. Qh5+ Kg8 27. Bh6 Rfc8 28. Bxg7 Rxc4 29. Qh7+ Kf7 30. Bxf6+ Ke8 31. Qg8+ Kd7 32. Qe6+ 1-0


[Site "https://www.chess.com"]

[Event "Titled Tuesday Blitz July 25 Early 2023"]
[White "Bristy Mukherjee"]
[Black "Tologon tegin, Semetei"]
[WhiteFideId "25077325"]
[BlackFideId "13800574"]
[WhiteElo "2422"]
[BlackElo "2576"]
[Result "0-1"]
[Round "7"]
[TimeControl "180+2"]
[Date "2023.07.25"]
[WhiteClock "0:00:37"]
[BlackClock "0:00:45"]
[Board "134"]

1. Nc3 g6 2. h4 Bg7 3. h5 b6 4. hxg6 hxg6 5. Rxh8 Bxh8 6. d4 Bb7 7. e4 d6 8. Nf3 Nd7 9. d5 Bxc3+ 10. bxc3 Ngf6 11. Bd3 c6 12. c4 Qc7 13. Bb2 O-O-O 14. a4 Rh8 15. Ke2 Nc5 16. Ng5 Rh5 17. Qd2 Rh2 18. Qf4 Rxg2 19. Rh1 Ba6 20. Kf1 Rg4 21. Qf3 Rxg5 22. Bxf6 exf6 23. Qxf6 Rh5 24. Rxh5 gxh5 25. Qf5+ Kb7 26. e5 dxe5 27. dxc6+ Kxc6 28. Be2 Qe7 29. Qxh5 Nxa4 30. Qf3+ Kc7 31. Qa8 Kd6 32. Qb8+ Kc6 33. Qa8+ Kd6 34. Qd5+ Kc7 35. Qa8 Bb7 36. Qxa7 Nc5 37. Qa1 f5 38. Qc3 Qg7 39. Ke1 Qg1+ 40. Bf1 Qxf2+ 41. Kxf2 Ne4+ 0-1


[Site "https://www.chess.com"]

[Event "Titled Tuesday Blitz July 25 Early 2023"]
[White "Altman, Joshua"]
[Black "Goncalves, Davi Sulzbacher"]
[WhiteFideId "426210"]
[BlackFideId "2154510"]
[WhiteElo "2530"]
[BlackElo "2416"]
[Result "0-1"]
[Round "7"]
[TimeControl "180+2"]
[Date "2023.07.25"]
[WhiteClock "0:00:02"]
[BlackClock "0:00:30"]
[Board "135"]

1. Nf3 Nf6 2. c4 c5 3. g3 g6 4. Bg2 Bg7 5. O-O O-O 6. Nc3 Nc6 7. b3 d5 8. cxd5 Nxd5 9. Bb2 Nc7 10. Rc1 b6 11. d3 Bb7 12. Qd2 e5 13. Rfd1 Qe7 14. a3 Rad8 15. Qc2 Nd4 16. Nxd4 exd4 17. Bxb7 dxc3 18. Bxc3 Bxc3 19. Qxc3 Qxe2 20. Rd2 Qe7 21. Bg2 Nb5 22. Qc4 Nd4 23. Rcd1 Rfe8 24. h4 Qe5 25. b4 Ne2+ 26. Kh2 Rd4 27. Qc2 Rxh4+ 28. Bh3 Nd4 29. Qa4 Rh5 30. f4 Qe6 31. g4 Rh4 32. Rf2 Qe3 33. Rdf1 Qxh3+ 34. Kg1 Qh1# 0-1


[Site "https://www.chess.com"]

[Event "Titled Tuesday Blitz July 25 Early 2023"]
[White "To, Nhat Minh"]
[Black "Pandey Srishti"]
[WhiteFideId "729019"]
[BlackFideId "35093290"]
[WhiteElo "2518"]
[BlackElo "2414"]
[Result "0-1"]
[Round "7"]
[TimeControl "180+2"]
[Date "2023.07.25"]
[WhiteClock "0:01:27"]
[BlackClock "0:02:27"]
[Board "136"]

1. e4 e5 2. Nf3 Nc6 3. Bb5 a6 4. Ba4 Nf6 5. O-O b5 6. Bb3 Bc5 7. a4 Rb8 8. c3 d6 9. d4 Bb6 10. a5 Ba7 11. h3 O-O 12. Be3 Re8 13. Ng5 Rf8 14. Nf3 Re8 15. Nbd2 h6 16. Re1 exd4 17. cxd4 Nb4 18. e5 Nfd5 19. Ne4 Nxe3 20. Rxe3 dxe5 21. Nxe5 Be6 22. Bxe6 Rxe6 23. Qf3 Qe8 24. Rc1 Bxd4 0-1


[Site "https://www.chess.com"]

[Event "Titled Tuesday Blitz July 25 Early 2023"]
[White "Terletsky, Oleg"]
[Black "Molina Carretero, Daniel"]
[WhiteFideId "14116774"]
[BlackFideId "32071914"]
[WhiteElo "2518"]
[BlackElo "2413"]
[Result "0-1"]
[Round "7"]
[TimeControl "180+2"]
[Date "2023.07.25"]
[WhiteClock "0:00:11"]
[BlackClock "0:01:03"]
[Board "137"]

1. e4 c5 2. Nf3 d6 3. d4 cxd4 4. Nxd4 Nf6 5. Nc3 g6 6. Bc4 Bg7 7. f3 Nc6 8. Be3 O-O 9. Qd2 Bd7 10. h4 Qa5 11. h5 Nxh5 12. Nb3 Qb4 13. Bd3 Na5 14. Bh6 Bf6 15. Bxf8 Rxf8 16. g4 Rc8 17. a3 Nxb3 18. axb4 Nxd2 19. Kxd2 Nf4 20. Rxa7 Nxd3 21. cxd3 Bc6 22. b5 Bxc3+ 23. bxc3 Bxb5 24. c4 Bc6 25. d4 b5 26. cxb5 Bxb5 27. Rxe7 Ra8 28. Rc1 Ra2+ 29. Rc2 Ra3 30. Rc3 Ra2+ 31. Ke3 g5 32. e5 Re2# 0-1


[Site "https://www.chess.com"]

[Event "Titled Tuesday Blitz July 25 Early 2023"]
[White "Bueno, Alfeu Junior Varela"]
[Black "Ginzburg, Yakov"]
[WhiteFideId "2108879"]
[BlackFideId "4157176"]
[WhiteElo "2409"]
[BlackElo "2490"]
[Result "0-1"]
[Round "7"]
[TimeControl "180+2"]
[Date "2023.07.25"]
[WhiteClock "0:00:02"]
[BlackClock "0:00:28"]
[Board "138"]

1. e4 c5 2. Nc3 e6 3. f4 d5 4. e5 d4 5. Ne4 Bd7 6. Nf3 Bc6 7. d3 Nh6 8. g3 Be7 9. Bg2 O-O 10. O-O Nd7 11. h3 Bd5 12. g4 Nb6 13. Ng3 Kh8 14. f5 Ng8 15. Nh5 Nd7 16. Qe2 Rc8 17. Nf4 c4 18. Nxd5 exd5 19. Kh1 Qc7 20. Bf4 cxd3 21. cxd3 Qc2 22. Rf2 Qxe2 23. Rxe2 Bc5 24. Rc1 Ne7 25. Bg5 Rfe8 26. e6 fxe6 27. Rxe6 Nc6 28. Nd2 Nb4 29. Rce1 Rf8 30. Bf1 Nc2 31. Rc1 Ne3 32. Nb3 Bb6 33. Rxc8 Rxc8 34. Be2 h6 35. Bxe3 dxe3 36. Kg2 Rc2 37. Kf3 Rxb2 38. Re7 Nc5 39. d4 Nxb3 40. axb3 Bxd4 41. Bd3 Kg8 42. Re8+ Kf7 43. Rc8 Rf2+ 44. Kg3 Be5+ 45. Kh4 e2 46. Bxe2 Rxe2 47. Rb8 Re3 48. Rxb7+ Kf8 49. Rxa7 Bf6+ 50. g5 hxg5+ 51. Kg4 Rxb3 52. Rd7 Rb4+ 53. Kf3 d4 54. Rc7 Rb3+ 55. Ke4 Rxh3 56. Kd5 Re3 57. Rb7 g4 58. Rb2 g3 59. Rg2 d3 60. Kc4 Re2 61. Rxg3 d2 62. Rd3 Bg5 63. Kd5 Re1 64. Kd6 d1=Q 65. Rxd1 0-1


[Site "https://www.chess.com"]

[Event "Titled Tuesday Blitz July 25 Early 2023"]
[White "Shubenkova, Veronika"]
[Black "Tobak, Mikhail"]
[WhiteFideId "44124040"]
[BlackFideId "14165570"]
[WhiteElo "2490"]
[BlackElo "2409"]
[Result "1-0"]
[Round "7"]
[TimeControl "180+2"]
[Date "2023.07.25"]
[WhiteClock "0:01:00"]
[BlackClock "0:00:27"]
[Board "139"]

1. e4 Nf6 2. e5 Nd5 3. c4 Nb6 4. d4 d6 5. exd6 cxd6 6. Nc3 g6 7. Nf3 Bg7 8. h3 O-O 9. Be2 Nc6 10. O-O Bf5 11. a3 e5 12. d5 Nd4 13. Nxd4 exd4 14. Nb5 Qf6 15. Bf4 Bxh3 16. Bxd6 Qg5 17. Bg3 Be5 18. Qb3 a6 19. f4 Qh6 20. fxe5 axb5 21. gxh3 Nxc4 22. Bxc4 bxc4 23. Qxc4 Qxh3 24. Rf3 Qg4 25. Kg2 Rac8 26. Qd3 Rc5 27. Rf4 Qc8 28. Qxd4 Rd8 29. d6 Qc6+ 30. Kg1 Rc2 31. Rf2 Rc4 32. Qd1 h5 33. Qf3 Qd7 34. Kh2 h4 35. Bf4 Qf5 36. Rg1 f6 37. Qd5+ Kh7 38. Qxc4 g5 39. Qf7+ Kh6 40. Bxg5+ 1-0


[Site "https://www.chess.com"]

[Event "Titled Tuesday Blitz July 25 Early 2023"]
[White "Mei, Austin"]
[Black "Iljin, Timofey"]
[WhiteFideId "30948479"]
[BlackFideId "14110180"]
[WhiteElo "2489"]
[BlackElo "2399"]
[Result "0-1"]
[Round "7"]
[TimeControl "180+2"]
[Date "2023.07.25"]
[WhiteClock "0:00:19"]
[BlackClock "0:00:13"]
[Board "140"]

1. e4 e5 2. f4 d5 3. exd5 exf4 4. Nf3 c6 5. d4 Bd6 6. dxc6 Nxc6 7. Bd3 Nf6 8. O-O O-O 9. c3 Bg4 10. Nbd2 Re8 11. Qc2 Rc8 12. Re1 Nb4 13. Qb1 Rxe1+ 14. Nxe1 Nxd3 15. Qxd3 Qe7 16. Ndf3 Re8 17. Bd2 Ne4 18. Qe2 Qd7 19. Qf1 Nxd2 20. Nxd2 Be2 21. Qf2 Qg4 22. Nef3 Bxf3 23. Nxf3 Re3 24. Re1 Qe6 25. Kf1 h6 26. Rxe3 fxe3 27. Qe2 Qxa2 28. Qxe3 Qb1+ 29. Ne1 Qf5+ 30. Qf2 Qd5 31. Nf3 a5 32. Qe2 Kf8 33. c4 Qf5 34. c5 Bxh2 35. Qb5 Bg3 36. Qxb7 Qd3+ 37. Kg1 Qd1+ 38. Ne1 Qxe1# 0-1


[Site "https://www.chess.com"]

[Event "Titled Tuesday Blitz July 25 Early 2023"]
[White "Mejia, Cherry Ann"]
[Black "LangesNasenhaar"]
[WhiteFideId "5206880"]
[WhiteElo "2393"]
[BlackElo "2487"]
[Result "1-0"]
[Round "7"]
[TimeControl "180+2"]
[Date "2023.07.25"]
[WhiteClock "0:00:27"]
[BlackClock "0:00:44"]
[Board "141"]

1. e4 d6 2. Nc3 Nf6 3. d4 e5 4. dxe5 dxe5 5. Qxd8+ Kxd8 6. Bg5 Be6 7. O-O-O+ Nd7 8. f4 exf4 9. e5 h6 10. Bxf4 Ng4 11. Nh3 Kc8 12. Be2 Ngxe5 13. Bxe5 Nxe5 14. Nf4 Bd6 15. Nxe6 fxe6 16. Ne4 Kd7 17. Nc5+ Ke7 18. Nxb7 Rab8 19. Nxd6 cxd6 20. Rhf1 Rhf8 21. c3 Rxf1 22. Rxf1 d5 23. b3 a5 24. Kd2 Kd6 25. Rb1 Kc5 26. a3 d4 27. b4+ axb4 28. cxb4+ Kd5 29. a4 Nc4+ 30. Bxc4+ Kxc4 31. b5 e5 32. b6 e4 33. b7 e3+ 34. Ke2 Kc3 35. a5 Kc2 36. Rb6 d3+ 37. Kxe3 Re8+ 38. Kf3 d2 39. Rc6+ Kd3 40. Rd6+ Kc3 41. a6 Rf8+ 42. Kg3 1-0


[Site "https://www.chess.com"]

[Event "Titled Tuesday Blitz July 25 Early 2023"]
[White "Stork, Oliver"]
[Black "Roberson, Peter T"]
[WhiteFideId "12955728"]
[BlackFideId "412384"]
[WhiteElo "2391"]
[BlackElo "2486"]
[Result "0-1"]
[Round "7"]
[TimeControl "180+2"]
[Date "2023.07.25"]
[WhiteClock "0:01:19"]
[BlackClock "0:01:11"]
[Board "142"]

1. Nf3 b6 2. c4 Bb7 3. d4 e6 4. Nc3 Bb4 5. Bd2 f5 6. g3 Nf6 7. Bg2 O-O 8. O-O d6 9. a3 Bxc3 10. Bxc3 Nbd7 11. d5 exd5 12. Ng5 Nc5 13. cxd5 Qe7 14. Re1 h6 15. Nh3 g5 16. f4 Nce4 17. fxg5 hxg5 18. Rf1 Ng4 19. Qd4 Nxc3 20. bxc3 Qe3+ 21. Qxe3 Nxe3 22. Nxg5 Nxg2 23. Kxg2 Bxd5+ 24. Kg1 Rae8 25. Rf2 Re3 26. Raf1 Rxc3 27. Rxf5 Rxf5 28. Rxf5 Bc4 29. Rf3 Rxf3 30. exf3 b5 31. h4 a5 32. h5 b4 0-1


[Site "https://www.chess.com"]

[Event "Titled Tuesday Blitz July 25 Early 2023"]
[White "Onufrienko, Vladislav"]
[Black "Tarasova, Viktoriya"]
[WhiteFideId "13804332"]
[BlackFideId "4175840"]
[WhiteElo "2486"]
[BlackElo "2388"]
[Result "1-0"]
[Round "7"]
[TimeControl "180+2"]
[Date "2023.07.25"]
[WhiteClock "0:00:05"]
[BlackClock "0:00:04"]
[Board "143"]

1. e4 e5 2. Nf3 Nc6 3. Nc3 Nf6 4. h3 Bc5 5. Nxe5 Nxe5 6. d4 Bb4 7. dxe5 Nxe4 8. Qd4 Bxc3+ 9. bxc3 Ng5 10. Bc4 O-O 11. O-O Ne6 12. Qe4 f5 13. exf6 Qxf6 14. Bd3 g6 15. Bh6 Rf7 16. f4 c6 17. Bg5 Qxc3 18. Rae1 d5 19. Qe2 Bd7 20. Bh6 Re8 21. f5 Nc7 22. fxg6 hxg6 23. Qd1 Rxe1 24. Rxe1 Qf6 25. Kh1 Kh7 26. Bd2 Bf5 27. Rf1 Qg7 28. Be2 Be4 29. Bf3 Qf8 30. Ba5 b6 31. Bc3 Bxf3 32. Rxf3 Rxf3 33. gxf3 Qf5 34. Kg2 Ne6 35. Qd2 Nf4+ 36. Kf2 Nxh3+ 37. Kg3 Nf4 38. Qxf4 Qxf4+ 39. Kxf4 Kg8 40. Be5 Kf7 41. Bb8 a6 42. Ba7 b5 43. Bc5 Ke6 44. Kg5 Kf7 45. f4 Kg7 46. Bd4+ Kf7 47. a3 a5 48. Bc3 a4 49. Bd4 Ke6 50. Kxg6 Kd6 51. f5 c5 52. Bb2 d4 53. f6 Kd5 54. f7 c4 55. f8=Q c3 56. Bc1 Ke4 57. Qf1 Kd5 58. Qxb5+ 1-0


[Site "https://www.chess.com"]

[Event "Titled Tuesday Blitz July 25 Early 2023"]
[White "Llanos, Guillermo"]
[Black "Kirillov, Dmitry"]
[WhiteFideId "100358"]
[BlackFideId "34180572"]
[WhiteElo "2366"]
[BlackElo "2484"]
[Result "1/2-1/2"]
[Round "7"]
[TimeControl "180+2"]
[Date "2023.07.25"]
[WhiteClock "0:00:17"]
[BlackClock "0:00:53"]
[Board "144"]

1. Nf3 Nf6 2. g3 d5 3. Bg2 c6 4. O-O Bg4 5. Ne5 Bf5 6. c4 e6 7. Qb3 Qb6 8. d3 Qxb3 9. axb3 Nbd7 10. Nxd7 Nxd7 11. Nc3 Be7 12. cxd5 exd5 13. e4 dxe4 14. dxe4 Be6 15. Be3 a6 16. f4 Bxb3 17. e5 O-O 18. Ne4 Bd5 19. Rfd1 Rad8 20. Rac1 Rfe8 21. Kf2 g6 22. h4 h5 23. Bf3 Kg7 24. Rd2 Bb4 25. Rd4 Be7 26. Rcd1 Bxe4 27. Bxe4 Nc5 28. Bc2 Ne6 29. Rxd8 Rxd8 30. Rxd8 Bxd8 31. f5 gxf5 32. Bxf5 Bc7 33. Bf4 Nxf4 34. gxf4 f6 35. exf6+ Kxf6 36. Bc8 b5 37. Bxa6 Bxf4 38. Bb7 c5 39. Bc6 b4 40. b3 Ke5 41. Bb5 Ke4 42. Kg2 Be5 43. Kh3 Kf4 44. Bc4 Ke3 45. Bf7 Kd4 46. Bc4 Bf4 47. Be6 Ke3 48. Bc4 Kd2 49. Be6 Kc3 50. Bc4 Kd4 51. Bf7 Be5 52. Bc4 Bf6 53. Be6 Ke5 54. Bc4 Kf4 55. Be6 Ke3 56. Bc4 Kf2 57. Be6 Kg1 58. Bc4 Kh1 59. Bf7 Kg1 60. Bxh5 Kf2 61. Bf7 Kf3 62. Bc4 Kf4 63. Bd5 Bd4 64. Bc4 Bf6 65. Bd5 Bd4 66. Bc4 Bf6 1/2-1/2


[Site "https://www.chess.com"]

[Event "Titled Tuesday Blitz July 25 Early 2023"]
[White "Andrews, Todd"]
[Black "Korelskiy, Egor"]
[WhiteFideId "2012456"]
[BlackFideId "34329064"]
[WhiteElo "2355"]
[BlackElo "2481"]
[Result "0-1"]
[Round "7"]
[TimeControl "180+2"]
[Date "2023.07.25"]
[WhiteClock "0:00:12"]
[BlackClock "0:00:40"]
[Board "145"]

1. e4 c5 2. Nf3 e6 3. d3 d5 4. Nbd2 Nc6 5. g3 g6 6. Bg2 Bg7 7. O-O Nge7 8. Re1 O-O 9. c3 b6 10. e5 Qc7 11. Qe2 g5 12. h3 h6 13. a3 Ng6 14. d4 cxd4 15. cxd4 a5 16. b3 Ba6 17. Qe3 Nce7 18. Nf1 Nf5 19. Qd2 Rac8 20. Bb2 Qc2 21. b4 Qb3 22. Rec1 Bxf1 23. Kxf1 axb4 24. axb4 Nge7 25. g4 Nh4 26. Nxh4 gxh4 27. Kg1 Nc6 28. Ba3 Na7 29. Rcb1 Qc2 30. Qf4 Nb5 31. Bb2 Ra8 32. Rxa8 Qxb1+ 33. Qc1 Qxc1+ 34. Bxc1 Rxa8 0-1


[Site "https://www.chess.com"]

[Event "Titled Tuesday Blitz July 25 Early 2023"]
[White "Lehtosaari, Mauri"]
[Black "Nayak Rajesh"]
[WhiteFideId "501999"]
[BlackFideId "35017152"]
[WhiteElo "2478"]
[BlackElo "2334"]
[Result "1/2-1/2"]
[Round "7"]
[TimeControl "180+2"]
[Date "2023.07.25"]
[WhiteClock "0:00:04"]
[BlackClock "0:00:02"]
[Board "146"]

1. d4 Nf6 2. Nf3 g6 3. Bg5 Bg7 4. Nbd2 d6 5. e3 O-O 6. Bc4 c6 7. O-O b5 8. Bb3 a5 9. a3 a4 10. Ba2 Be6 11. Bxe6 fxe6 12. b3 Nbd7 13. c4 axb3 14. Qxb3 bxc4 15. Qxc4 Nd5 16. Qxc6 h6 17. Bh4 g5 18. Bg3 Qc8 19. Rfc1 Qxc6 20. Rxc6 Ra4 21. h3 Rfa8 22. Rb1 Rxa3 23. Rb7 R3a7 24. Rxa7 Rxa7 25. Rc8+ Kf7 26. e4 Rc7 27. Rxc7 Nxc7 28. Kf1 Nb5 29. Nb3 Nf6 30. e5 Nd5 31. Ke2 Ndc3+ 32. Kd3 d5 33. Nc5 Nd1 34. Ne1 Nb2+ 35. Ke3 Nc4+ 36. Kd3 Nb2+ 37. Kc2 Nc4 38. Nf3 Nc7 39. Kb3 Kg6 40. Kb4 h5 41. Bh2 g4 42. Ne1 Kf5 43. hxg4+ hxg4 44. f3 Bh6 45. Ned3 Bd2+ 46. Kb3 gxf3 47. gxf3 Nb5 48. Bg1 Be3 49. Bxe3 Nxe3 50. Kb4 Nxd4 51. Ka5 Nxf3 52. Kb6 Nxe5 53. Nf2 N3g4 54. Nd1 d4 55. Kb5 Ne3 56. Nf2 N5g4 57. Nfd3 e5 58. Kb4 e4 59. Nc1 d3 60. N1xd3 exd3 61. Nxd3 Nd5+ 62. Kc5 Nf4 63. Nb4 e5 64. Kc4 e4 65. Nc2 Ne5+ 66. Kc3 Nf3 67. Ne3+ Kg5 68. Kc4 Kh4 69. Kc5 Kg3 70. Nf5+ Kf2 71. Kc4 Ne2 72. Kd5 Ng3 73. Nxg3 e3 74. Ne4+ Kg1 75. Nc3 Kf1 76. Ke4 Kf2 77. Nd1+ Ke2 78. Nxe3 1/2-1/2


[Site "https://www.chess.com"]

[Event "Titled Tuesday Blitz July 25 Early 2023"]
[White "Wernberg, Hugo"]
[Black "Michalczak, Thomas"]
[WhiteFideId "1737511"]
[BlackFideId "4622634"]
[WhiteElo "2352"]
[BlackElo "2474"]
[Result "0-1"]
[Round "7"]
[TimeControl "180+2"]
[Date "2023.07.25"]
[WhiteClock "0:00:00"]
[BlackClock "0:00:58"]
[Board "147"]

1. d4 Nf6 2. c4 e6 3. Nf3 d5 4. g3 Be7 5. Bg2 O-O 6. O-O dxc4 7. Qc2 b5 8. a4 Bb7 9. axb5 a6 10. Nc3 axb5 11. Rxa8 Bxa8 12. Nxb5 Bd5 13. Bf4 c6 14. Nc3 Bxf3 15. Bxf3 Qxd4 16. Rd1 Qb6 17. Na4 Qb5 18. Rc1 Rd8 19. Kg2 Nd5 20. Qxc4 Nxf4+ 21. gxf4 Qf5 22. e3 c5 23. Qe4 Qxe4 24. Bxe4 Nd7 25. Bc6 Nf6 26. Kf3 Rc8 27. Be4 h6 28. Bd3 Kf8 29. b4 Rd8 30. Ke2 cxb4 0-1


[Site "https://www.chess.com"]

[Event "Titled Tuesday Blitz July 25 Early 2023"]
[White "Erzhanov, Arman"]
[Black "Szente Varga, Fruzsina"]
[WhiteFideId "4138821"]
[BlackFideId "712264"]
[WhiteElo "2473"]
[BlackElo "2320"]
[Result "1-0"]
[Round "7"]
[TimeControl "180+2"]
[Date "2023.07.25"]
[WhiteClock "0:00:46"]
[BlackClock "0:00:04"]
[Board "148"]

1. e4 e5 2. Nf3 Nc6 3. Bb5 a6 4. Bxc6 dxc6 5. Nc3 Bg4 6. h3 Bxf3 7. Qxf3 Nf6 8. d3 Qd6 9. Bg5 Be7 10. O-O-O c5 11. Qe3 h6 12. Bh4 g5 13. Bg3 O-O-O 14. f3 c6 15. h4 Nh5 16. Bf2 Nf4 17. g3 Ne6 18. g4 h5 19. Qe1 Nd4 20. Bxd4 cxd4 21. Ne2 hxg4 22. fxg4 gxh4 23. Kb1 Bg5 24. Ng1 Bf4 25. Rxh4 Qf6 26. Nf3 Rdg8 27. Qf2 Rxh4 28. Nxh4 Rxg4 29. Nf5 Kc7 30. Rh1 Qg5 31. Qe1 Rg2 32. Qa5+ Kd7 33. a4 Rg1+ 34. Rxg1 Qxg1+ 35. Ka2 Qg2 36. Qc5 Qg8 37. Qe7+ Kc8 38. Nd6+ Kb8 39. Qxb7# 1-0


[Site "https://www.chess.com"]

[Event "Titled Tuesday Blitz July 25 Early 2023"]
[White "Fernandez Siles, Luis"]
[Black "Papayan, Oleg"]
[WhiteFideId "2209420"]
[BlackFideId "4193911"]
[WhiteElo "2312"]
[BlackElo "2469"]
[Result "0-1"]
[Round "7"]
[TimeControl "180+2"]
[Date "2023.07.25"]
[WhiteClock "0:00:00"]
[BlackClock "0:00:17"]
[Board "149"]

1. e4 d5 2. exd5 Qxd5 3. Nc3 Qd8 4. d4 Bf5 5. Qf3 Bc8 6. Bc4 e6 7. Nge2 Nf6 8. Bg5 Be7 9. O-O-O c6 10. h4 Nbd7 11. Kb1 b5 12. Bd3 Bb7 13. Ne4 Qb6 14. N2g3 h6 15. Be3 Nd5 16. Nh5 Rg8 17. Qg3 Nxe3 18. fxe3 c5 19. dxc5 Nxc5 20. Nxg7+ Kf8 21. Nxc5 Bxc5 22. Qf4 Rxg7 23. Qxh6 Bxe3 24. Qh8+ Rg8 25. Qf6 Bxg2 26. Rhe1 Bd4 27. Qh6+ Bg7 28. Qd2 Bf3 29. Qb4+ Ke8 30. Bxb5+ Bc6 31. Bxc6+ Qxc6 32. Rd3 Bf8 33. Qf4 Rc8 34. c3 Be7 35. Red1 Rd8 36. Rxd8+ Bxd8 37. Qb8 Qc7 38. Qb5+ Ke7 0-1


[Site "https://www.chess.com"]

[Event "Titled Tuesday Blitz July 25 Early 2023"]
[White "Luukkonen, Tommi"]
[Black "rionelG"]
[WhiteFideId "501808"]
[WhiteElo "2465"]
[BlackElo "2306"]
[Result "1-0"]
[Round "7"]
[TimeControl "180+2"]
[Date "2023.07.25"]
[WhiteClock "0:00:44"]
[BlackClock "0:00:00"]
[Board "150"]

1. e4 c5 2. d4 cxd4 3. Qxd4 Nc6 4. Qd3 d6 5. Nc3 Nf6 6. Nf3 g6 7. Be2 Bg7 8. O-O O-O 9. Nd5 Bg4 10. c3 Bxf3 11. Qxf3 Ne5 12. Qg3 Nxe4 13. Qh4 Nf6 14. Nxf6+ Bxf6 15. Bg5 Bxg5 16. Qxg5 e6 17. Qe3 Qf6 18. g3 d5 19. h4 h5 20. Rad1 Rac8 21. Rd4 Kg7 22. Rf4 Nc4 23. Bxc4 Rxc4 24. Rxf6 Kxf6 25. Qh6 Rfc8 26. Re1 b5 27. a3 a5 28. Kg2 b4 29. axb4 axb4 30. Re3 bxc3 31. bxc3 Ke7 32. Rf3 Rxc3 33. Qg5+ Ke8 34. Rf4 R8c4 35. Qf6 Rxf4 36. Qh8+ Ke7 37. Qxc3 Rc4 38. Qa3+ Kf6 39. Qd3 Re4 40. f3 Rc4 41. Kh3 Kg7 42. g4 Rf4 43. Qe3 hxg4+ 44. fxg4 Re4 45. Qf3 Rc4 46. g5 Re4 47. Qf6+ Kg8 48. Qd8+ Kg7 49. Qf6+ Kg8 50. Kg3 d4 51. Kf3 Re3+ 52. Kf2 Re4 53. h5 gxh5 54. g6 Rg4 55. Qxf7+ 1-0


[Site "https://www.chess.com"]

[Event "Titled Tuesday Blitz July 25 Early 2023"]
[White "Xavier_mompel"]
[Black "ExchangeAB"]
[WhiteElo "2271"]
[BlackElo "2460"]
[Result "1/2-1/2"]
[Round "7"]
[TimeControl "180+2"]
[Date "2023.07.25"]
[WhiteClock "0:00:03"]
[BlackClock "0:00:12"]
[Board "151"]

1. e4 c6 2. d4 d5 3. e5 Bf5 4. Nd2 e6 5. Nb3 Ne7 6. Nf3 Nd7 7. Be2 h6 8. O-O g5 9. Be3 Bg7 10. Rc1 O-O 11. a4 Qc7 12. a5 c5 13. Nxc5 Nxc5 14. dxc5 Qxa5 15. c3 Qc7 16. Bd4 Bg4 17. Re1 Ng6 18. h3 Bxf3 19. Bxf3 Bxe5 20. Bh5 Bxd4 21. Qxd4 Nf4 22. Bf3 a5 23. Qf6 Kh7 24. Bd1 Qxc5 25. Bc2+ Ng6 26. Rxe6 Kg8 27. Ree1 Ra6 28. Qf5 Qd6 29. Rcd1 Qf6 30. Rxd5 Qxf5 31. Rxf5 Kg7 32. Rd1 Rb6 33. b3 Rf6 34. Rxf6 Kxf6 35. Rd5 Ra8 36. Bxg6 Kxg6 37. c4 a4 38. bxa4 Rxa4 39. Rb5 Rxc4 40. Rxb7 f6 41. Rb6 h5 42. Kh2 h4 43. g3 Rc2 44. Kg2 hxg3 45. Kxg3 Rc3+ 46. Kg2 Rc5 47. Rb4 Kf5 48. Ra4 Re5 49. Kg3 Re4 50. Rxe4 Kxe4 51. f3+ Kf5 52. Kg2 Kf4 53. Kf2 f5 54. Kg2 Ke3 55. Kg3 f4+ 56. Kg4 Ke2 57. h4 gxh4 58. Kxf4 h3 59. Kg3 h2 60. Kxh2 Kxf3 1/2-1/2


[Site "https://www.chess.com"]